MID
BINGHAMTON METS @ SOUTH BEND CUBS
07/13/2048
 
TOP OF THE 1ST
Binghamton Mets batting - Pitching for South Bend Cubs : RHP Anastagio Fasola
Pitching: RHP Anastagio Fasola
Batting: RHB Oscar Bravo 0-0: Called Strike
0-1: Called Strike
0-2: Ball
1-2: Foul Ball, location: 2F
1-2: Ball
2-2: Foul Ball, location: 2F
2-2: Ball
3-2: Strikes out looking
Batting: SHB Jason Evans 0-0: Ball
1-0: Called Strike
1-1: Called Strike
1-2: Foul Ball, location: 2F
1-2: Foul Ball, location: 2F
1-2: Foul Ball, location: 2F
1-2: Fly out, F8 (Flyball, 8RM, EV 80.6 MPH)
Batting: RHB Mike Hanks 0-0: Ball
1-0: Called Strike
1-1: Foul Ball, location: 2F
1-2: Fly out, F7 (Line Drive, 7, EV 100.6 MPH)
Top of the 1st over - 0 runs, 0 hits, 0 errors, 0 left on base; Binghamton 0 - South Bend 0
BOTTOM OF THE 1ST
South Bend Cubs batting - Pitching for Binghamton Mets : RHP Antonio Perez
Pitching: RHP Antonio Perez
Batting: RHB Puluke Konane 0-0: Ball
1-0: Foul Ball, location: 2F
1-1: Ball
2-1: SINGLE (Groundball, 56D, EV 98.1 MPH)
Batting: RHB Andy Huntley 0-0: Ball
Puluke Konane steals 2nd base
1-0: Foul Ball, location: 2F
1-1: Called Strike
Puluke Konane steals 3rd base
1-2: Ball
2-2: Ground out 5-3 (Groundball, 56, EV 101.2 MPH)
Puluke Konane scores
Batting: LHB Kwang-chih Men 0-0: Ball
1-0: Called Strike
1-1: Foul Ball, location: 2F
1-2: Ball
2-2: Foul Ball, location: 2F
2-2: Ball
3-2: Fly out, F8 (Flyball, 78D, EV 96.9 MPH)
Batting: RHB Juan Bonilla 0-0: Called Strike
0-1: Called Strike
0-2: Strikes out looking
Bottom of the 1st over - 1 run, 1 hit, 0 errors, 0 left on base; Binghamton 0 - South Bend 1
TOP OF THE 2ND
Binghamton Mets batting - Pitching for South Bend Cubs : RHP Anastagio Fasola
Batting: LHB Zane Kelton 0-0: Ball
1-0: SINGLE (Groundball, 4D, EV 107.5 MPH)
Batting: SHB Jerry Burrows 0-0: Ball
Zane Kelton steals 2nd base (no throw)
1-0: Ball
2-0: Foul Ball, location: 2F
2-1: Ball
3-1: Base on Balls
Batting: LHB Jamel Alexander 0-0: Fielders Choice at 2nd, 6-4 (Groundball, 6, EV 75.6 MPH)
Zane Kelton to third
Batting: RHB Rich Cracchiolo 0-0: Swinging Strike
0-1: SINGLE (Groundball, 23, EV 70.6 MPH) (infield hit)
Jamel Alexander to second
Batting: RHB David Stayton 0-0: Swinging Strike
0-1: Foul Ball, location: 2F
0-2: Strikes out looking
Batting: RHB Gang-sheng Chew 0-0: Called Strike
0-1: Ball
1-1: Foul Ball, location: 2F
1-2: Ball
2-2: Ball
3-2: Foul Ball, location: 2F
3-2: Ground out 6-3 (Groundball, 56, EV 86.2 MPH)
Top of the 2nd over - 0 runs, 2 hits, 0 errors, 3 left on base; Binghamton 0 - South Bend 1
BOTTOM OF THE 2ND
South Bend Cubs batting - Pitching for Binghamton Mets : RHP Antonio Perez
Batting: RHB Han-seung Hah 0-0: Foul Ball, location: 2F
0-1: Fly out, F7 (Flyball, 78M, EV 91.9 MPH)
Batting: RHB Denis Rachin 0-0: Ball
1-0: Fly out, F8 (Flyball, 8LD, EV 95.0 MPH)
Batting: LHB Adam Conover 0-0: Fly out, F8 (Flyball, 8LD, EV 98.8 MPH)
Bottom of the 2nd over - 0 runs, 0 hits, 0 errors, 0 left on base; Binghamton 0 - South Bend 1
TOP OF THE 3RD
Binghamton Mets batting - Pitching for South Bend Cubs : RHP Anastagio Fasola
Batting: RHB Oscar Bravo 0-0: Ball
1-0: Swinging Strike
1-1: Foul Ball, location: 2F
1-2: Ball
2-2: Strikes out swinging
Batting: SHB Jason Evans 0-0: Swinging Strike
0-1: Swinging Strike
0-2: Ground out U3 (Groundball, 3, EV 88.1 MPH)
Batting: RHB Mike Hanks 0-0: Ball
1-0: Ball
2-0: Foul Ball, location: 2F
2-1: Swinging Strike
2-2: Strikes out swinging
Top of the 3rd over - 0 runs, 0 hits, 0 errors, 0 left on base; Binghamton 0 - South Bend 1
BOTTOM OF THE 3RD
South Bend Cubs batting - Pitching for Binghamton Mets : RHP Antonio Perez
Batting: RHB Ryan Bush 0-0: Foul Ball, location: 2F
0-1: Ball
1-1: Ball
2-1: Ground out 5-3 (Groundball, 56, EV 93.1 MPH)
Batting: LHB Hiroki Yamamoto 0-0: Ball
1-0: SINGLE (Groundball, 6S, EV 71.9 MPH) (infield hit)
Batting: RHB Puluke Konane 0-0: Ball
1-0: Called Strike
1-1: Ball
2-1: Foul Ball, location: 2F
2-2: Ball
3-2: Foul Ball, location: 2F
3-2: Foul Ball, location: 2F
3-2: Foul Ball, location: 2F
3-2: Strikes out swinging
Batting: RHB Andy Huntley 0-0: Swinging Strike
0-1: Ball
1-1: Swinging Strike
1-2: Foul Ball, location: 2F
1-2: Ball
2-2: Foul Ball, location: 2F
2-2: Ball
Pickoff Throw to First - Out! 1-3 CS
Bottom of the 3rd over - 0 runs, 1 hit, 0 errors, 0 left on base; Binghamton 0 - South Bend 1
TOP OF THE 4TH
Binghamton Mets batting - Pitching for South Bend Cubs : RHP Anastagio Fasola
Batting: LHB Zane Kelton 0-0: Ball
1-0: Ball
2-0: SINGLE (Flyball, 89S, EV 86.9 MPH)
Batting: SHB Jerry Burrows 0-0: Ball
1-0: SINGLE (Groundball, 4MD, EV 98.1 MPH)
Zane Kelton to second
Batting: LHB Jamel Alexander 0-0: Ball
1-0: Ball
2-0: Foul Ball, location: 2F
2-1: Swinging Strike
2-2: Ball
3-2: Foul Ball, location: 2F
3-2: SINGLE (Groundball, 6M, EV 107.5 MPH)
Zane Kelton to third
Jerry Burrows to second
Runner from 3rd tries for Home, SAFE, throw by CF to home
Batting: RHB Rich Cracchiolo 0-0: Ball
1-0: Ball
2-0: Ball
3-0: Base on Balls
Jerry Burrows to third
Jamel Alexander to second
Batting: RHB David Stayton 0-0: Foul Ball, location: 2F
0-1: Ball
1-1: Swinging Strike
1-2: Ball
2-2: Foul Ball, location: 2F
2-2: SINGLE (Groundball, 4MD, EV 98.1 MPH)
Jerry Burrows scores
Jamel Alexander to third
Rich Cracchiolo to second
Batting: RHB Gang-sheng Chew 0-0: Foul Ball, location: 2F
0-1: Ball
1-1: Foul Ball, location: 2F
1-2: Strikes out swinging
Batting: RHB Oscar Bravo 0-0: Ball
1-0: Ball
2-0: Foul Ball, location: 2F
2-1: Foul Ball, location: 2F
2-2: SINGLE (Groundball, 56, EV 99.4 MPH)
Jamel Alexander scores
Rich Cracchiolo to third
David Stayton to second
Runner from 3rd tries for Home, SAFE, throw by LF to home
Pitching: RHP Velimir Sljivancanin
Batting: SHB Jason Evans 0-0: Ball
1-0: Ball
2-0: Foul Ball, location: 2F
2-1: Ball
3-1: Base on Balls
David Stayton to third
Oscar Bravo to second
Batting: RHB Mike Hanks 0-0: Called Strike
0-1: Foul Ball, location: 2F
0-2: Ball
1-2: Ball
2-2: Grounds into fielders choice 4-2 (Groundball, 4, EV 102.5 MPH)
Oscar Bravo to third
Jason Evans to second
Batting: LHB Zane Kelton 0-0: Foul Ball, location: 2F
0-1: Ground out 6-3 (Groundball, 4MS, EV 89.4 MPH)
Top of the 4th over - 4 runs, 5 hits, 0 errors, 3 left on base; Binghamton 4 - South Bend 1
BOTTOM OF THE 4TH
South Bend Cubs batting - Pitching for Binghamton Mets : RHP Antonio Perez
Batting: RHB Andy Huntley 0-0: Ball
1-0: Swinging Strike
1-1: Foul Ball, location: 2F
1-2: Ball
2-2: Ball
3-2: Strikes out looking
Batting: LHB Kwang-chih Men 0-0: Ball
1-0: Swinging Strike
1-1: Ball
2-1: Ground out 3-1 (Groundball, 34S, EV 85.6 MPH)
Batting: RHB Juan Bonilla 0-0: Ball
1-0: Ball
2-0: Called Strike
2-1: Ball
3-1: Swinging Strike
3-2: Base on Balls
Batting: RHB Han-seung Hah 0-0: Ball
1-0: Ball
2-0: Ball
3-0: Called Strike
3-1: Fly out, F4 (Line Drive, 34, EV 60.6 MPH)
Bottom of the 4th over - 0 runs, 0 hits, 0 errors, 1 left on base; Binghamton 4 - South Bend 1
TOP OF THE 5TH
Binghamton Mets batting - Pitching for South Bend Cubs : RHP Velimir Sljivancanin
Batting: SHB Jerry Burrows 0-0: Called Strike
0-1: Ball
1-1: Called Strike
1-2: Ball
2-2: Strikes out looking
Batting: LHB Jamel Alexander 0-0: Foul Ball, location: 2F
0-1: Called Strike
0-2: Ball
1-2: Ball
2-2: Ball
3-2: Foul Ball, location: 2F
3-2: SINGLE (Groundball, 4MS, EV 65.6 MPH) (infield hit)
Batting: RHB Rich Cracchiolo 0-0: Ball
Jamel Alexander steals 2nd base (no throw)
1-0: SINGLE (Line Drive, 78S, EV 95.6 MPH)
Jamel Alexander to third
Batting: RHB David Stayton 0-0: Called Strike
0-1: Swinging Strike
0-2: Ball
1-2: Ball
2-2: SINGLE (Groundball, 6D, EV 98.8 MPH)
Jamel Alexander scores
Rich Cracchiolo to second
Batting: RHB Gang-sheng Chew 0-0: Called Strike
0-1: Swinging Strike
0-2: Strikes out swinging
Batting: RHB Oscar Bravo 0-0: Called Strike
0-1: Foul Ball, location: 2F
0-2: Foul Ball, location: 2F
0-2: Ball
1-2: Strikes out swinging
Top of the 5th over - 1 run, 3 hits, 0 errors, 2 left on base; Binghamton 5 - South Bend 1
BOTTOM OF THE 5TH
South Bend Cubs batting - Pitching for Binghamton Mets : RHP Antonio Perez
Batting: RHB Denis Rachin 0-0: SINGLE (Groundball, 6MD, EV 100.0 MPH)
Batting: LHB Adam Conover 0-0: SINGLE (Groundball, 34D, EV 100.0 MPH)
Denis Rachin to second
Runner from 2nd tries for 3rd, SAFE, throw by RF made to third
Adam Conover to second
Batting: RHB Ryan Bush 0-0: Fly out, F9 (Flyball, 89S, EV 84.4 MPH)
Batting: LHB Hiroki Yamamoto 0-0: SINGLE (Groundball, 34D, EV 104.4 MPH)
Denis Rachin scores
Adam Conover to third
Batting: RHB Puluke Konane 0-0: Ball
1-0: Fielders Choice at 2nd, 5-4 (Groundball, 5, EV 101.9 MPH)
Adam Conover scores
Batting: RHB Andy Huntley 0-0: Ball
1-0: Called Strike
Puluke Konane steals 2nd base
1-1: Foul Ball, location: 2F
1-2: Strikes out swinging
Bottom of the 5th over - 2 runs, 3 hits, 0 errors, 1 left on base; Binghamton 5 - South Bend 3
TOP OF THE 6TH
Binghamton Mets batting - Pitching for South Bend Cubs : RHP Velimir Sljivancanin
Pitching: LHP Eddie Panagos
Batting: SHB Jason Evans 0-0: Ball
1-0: SINGLE (Groundball, 56D, EV 106.9 MPH)
Batting: RHB Mike Hanks 0-0: Ball
1-0: Grounds into double play, 4-6-3 (Groundball, 4, EV 83.8 MPH)
Batting: LHB Zane Kelton 0-0: SINGLE (Line Drive, 4MD, EV 95.6 MPH)
Batting: SHB Jerry Burrows 0-0: Ball
1-0: Ball
Zane Kelton steals 2nd base (no throw)
2-0: Swinging Strike
2-1: Ground out 6-3 (Groundball, 6, EV 85.6 MPH)
Top of the 6th over - 0 runs, 2 hits, 0 errors, 1 left on base; Binghamton 5 - South Bend 3
BOTTOM OF THE 6TH
South Bend Cubs batting - Pitching for Binghamton Mets : RHP Antonio Perez
Batting: LHB Kwang-chih Men 0-0: Swinging Strike
0-1: Called Strike
0-2: Ball
1-2: Ball
2-2: Fly out, F8 (Flyball, 8RD, EV 105.6 MPH)
Batting: RHB Juan Bonilla 0-0: Called Strike
0-1: Called Strike
0-2: Foul Ball, location: 2F
0-2: Ball
1-2: Foul Ball, location: 2F
1-2: Ground out 5-3 (Groundball, 15, EV 83.1 MPH)
Batting: RHB Han-seung Hah 0-0: Ball
1-0: Called Strike
1-1: Swinging Strike
1-2: Ball
2-2: Foul Ball, location: 2F
2-2: Strikes out swinging
Bottom of the 6th over - 0 runs, 0 hits, 0 errors, 0 left on base; Binghamton 5 - South Bend 3
TOP OF THE 7TH
Binghamton Mets batting - Pitching for South Bend Cubs : LHP Eddie Panagos
Pitching: LHP Tom Mooney
Batting: LHB Jamel Alexander 0-0: Foul Ball, location: 2F
0-1: Ball
1-1: Ball
2-1: Foul Ball, location: 2F
2-2: Strikes out looking
Batting: RHB Rich Cracchiolo 0-0: Called Strike
0-1: Foul Ball, location: 2F
0-2: Ball
1-2: Foul Ball, location: 2F
1-2: Strikes out looking
Batting: RHB David Stayton 0-0: Swinging Strike
0-1: Ball
1-1: SOLO HOME RUN (Flyball, 7LD, EV 92.5 MPH), Distance : 348 ft
Batting: RHB Gang-sheng Chew 0-0: Foul Ball, location: 2F
0-1: SINGLE (Groundball, 4S, EV 80.0 MPH) (infield hit)
Batting: RHB Oscar Bravo 0-0: Called Strike
0-1: Ball
1-1: Called Strike
1-2: Ball
2-2: Strikes out swinging
Top of the 7th over - 1 run, 2 hits, 0 errors, 1 left on base; Binghamton 6 - South Bend 3
BOTTOM OF THE 7TH
South Bend Cubs batting - Pitching for Binghamton Mets : RHP Antonio Perez
Batting: RHB Denis Rachin 0-0: Ground out 5-3 (Groundball, 56S, EV 82.5 MPH)
Batting: LHB Adam Conover 0-0: Foul Ball, location: 2F
0-1: SINGLE (Flyball, 6D, EV 83.8 MPH)
Batting: RHB Ryan Bush 0-0: Ball
1-0: Fielders Choice at 2nd, 3-6 (Groundball, 3, EV 101.2 MPH)
Batting: LHB Hiroki Yamamoto 0-0: Fielders Choice at 2nd, U6 (Groundball, 6M, EV 85.0 MPH)
Bottom of the 7th over - 0 runs, 1 hit, 0 errors, 1 left on base; Binghamton 6 - South Bend 3
TOP OF THE 8TH
Binghamton Mets batting - Pitching for South Bend Cubs : LHP Tom Mooney
Pitching: RHP Angel Pesina
Batting: SHB Jason Evans 0-0: Called Strike
0-1: Ball
1-1: Foul Ball, location: 2F
1-2: Foul Ball, location: 2F
1-2: Ball
2-2: Strikes out swinging
Batting: RHB Mike Hanks 0-0: DOUBLE (Flyball, 8RXD, EV 110.6 MPH)
Batting: LHB Zane Kelton 0-0: Ball
1-0: Ball
2-0: Called Strike
2-1: Called Strike
2-2: Strikes out swinging
Batting: SHB Jerry Burrows 0-0: SINGLE (Flyball, 8LM, EV 85.0 MPH)
Mike Hanks to third
Runner from 3rd tries for Home, SAFE, throw by CF to home
Jerry Burrows to second
Batting: LHB Jamel Alexander 0-0: Ball
1-0: Called Strike
1-1: Ball
2-1: Ball
3-1: Reached on error, E5 (Groundball, 56, EV 90.6 MPH)
Jerry Burrows to third
Batting: RHB Rich Cracchiolo 0-0: Ball
1-0: Foul Ball, location: 2F
1-1: Ball
2-1: SINGLE (Groundball, 56S, EV 67.5 MPH) (infield hit)
Jerry Burrows scores
Jamel Alexander to second
Pitching: RHP Rob Craft
Batting: RHB David Stayton 0-0: DOUBLE (Groundball, 5L, EV 96.9 MPH)
Jamel Alexander scores
Rich Cracchiolo to third
Batting: RHB Gang-sheng Chew 0-0: Called Strike
0-1: Swinging Strike
0-2: Ball
1-2: 3-RUN HOME RUN (Flyball, 9LD, EV 95.0 MPH), Distance : 351 ft
Pinch Hitting: SHB Chris Keziah 0-0: Ball
1-0: Called Strike
1-1: Ball
2-1: Foul Ball, location: 2F
2-2: Ball
3-2: Base on Balls
Batting: SHB Jason Evans 0-0: Ball
1-0: Called Strike
1-1: Swinging Strike
1-2: Ball
2-2: Ball
3-2: Foul Ball, location: 2F
3-2: Strikes out looking
Top of the 8th over - 6 runs, 5 hits, 1 error, 1 left on base; Binghamton 12 - South Bend 3
BOTTOM OF THE 8TH
South Bend Cubs batting - Pitching for Binghamton Mets : RHP Antonio Perez
Pitching: RHP Richard Pye
Now at 2B: Chris Keziah
Now at SS: Zane Kelton
Batting: RHB Puluke Konane 0-0: Foul Ball, location: 2F
0-1: Ground out 5-3 (Groundball, 56S, EV 82.5 MPH)
Batting: RHB Andy Huntley 0-0: Ball
1-0: Ground out 1-3 (Groundball, P, EV 65.6 MPH)
Batting: LHB Kwang-chih Men 0-0: Ball
1-0: Ball
2-0: Foul Ball, location: 2F
2-1: Foul Ball, location: 2F
2-2: Foul Ball, location: 2F
2-2: Strikes out looking
Bottom of the 8th over - 0 runs, 0 hits, 0 errors, 0 left on base; Binghamton 12 - South Bend 3
TOP OF THE 9TH
Binghamton Mets batting - Pitching for South Bend Cubs : RHP Rob Craft
Batting: RHB Mike Hanks 0-0: Swinging Strike
0-1: Swinging Strike
0-2: Ball
1-2: Ball
2-2: DOUBLE (Groundball, 5L, EV 98.1 MPH)
Pitching: RHP Jose Mata
Batting: LHB Zane Kelton 0-0: Ball
1-0: Ball
2-0: Ball
3-0: Ground out 6-3 (Groundball, 6, EV 82.5 MPH)
Pinch Hitting: RHB Sean Lee 0-0: Called Strike
0-1: Ball
1-1: Ball
2-1: Foul Ball, location: 2F
2-2: Foul Ball, location: 2F
2-2: Ball
3-2: Foul Ball, location: 2F
3-2: Ground out U3 (Groundball, 13, EV 88.1 MPH)
Mike Hanks to third
Batting: LHB Jamel Alexander 0-0: Ball
1-0: Called Strike
1-1: Ground out U3 (Groundball, 34S, EV 65.0 MPH)
Top of the 9th over - 0 runs, 1 hit, 0 errors, 1 left on base; Binghamton 12 - South Bend 3
BOTTOM OF THE 9TH
South Bend Cubs batting - Pitching for Binghamton Mets : RHP Richard Pye
Now at 1B: Sean Lee
Batting: RHB Juan Bonilla 0-0: Called Strike
0-1: Foul Ball, location: 2F
0-2: Foul Ball, location: 2F
0-2: SINGLE (Flyball, 4D, EV 86.9 MPH)
Batting: RHB Han-seung Hah 0-0: Foul Ball, location: 2F
0-1: Ground out 5-3 (Groundball, 5S, EV 60.0 MPH)
Juan Bonilla to second
Batting: RHB Denis Rachin 0-0: Called Strike
0-1: Ball
1-1: SINGLE (Groundball, 56D, EV 106.9 MPH)
Juan Bonilla to third
Batting: LHB Adam Conover 0-0: Foul Ball, location: 2F
0-1: Ball
1-1: Grounds into double play, 6-4-3 (Groundball, 56, EV 79.4 MPH)
Bottom of the 9th over - 0 runs, 2 hits, 0 errors, 1 left on base; Binghamton 12 - South Bend 3
Tuesday, March 28th , 2023 - OOTP Baseball 23.10 Build 110